Map: El Dorado

Players

OzDust

  • Race: Zerg Zerg
  • League: Diamond
  • Spawn Location: 5:00

wootwoot - Winner!

  • Race: Protoss Protoss
  • League: Diamond
  • Spawn Location: 7:00

VOD

Have the link to the VOD?

Description

Time

  • Played on: April 22, 2025, 6:57 a.m.
  • Length: 6:01
Show
View Real Time Build Order
Export as new Build Order

OzDust Zerg 

Build Orders: Hatch First 

Get SALT Encoding   

  12  0:00  Drone  
  13  0:12  Overlord  
  13  0:22  Drone  
  13  0:28  Drone, Extractor  
  14  0:31  Drone  
  16  0:38  Drone  
  17  0:53  Hatchery  
  16  0:57  Drone  
  16  1:00  Drone  
  18  1:05  Extractor  
  17  1:17  Spawning Pool  
  16  1:21  Drone  
  17  1:27  Overlord  
  17  1:30  Drone  
  18  1:41  Drone  
  19  2:05  Queen  
  19  2:06  Queen  
  19  2:07  Drone, Zergling x2  
  25  2:09  Drone  
  26  2:16  Metabolic Boost  
  26  2:38  Hatchery  
  26  2:40  Drone x2  
  26  2:42  Drone  
  28  2:51  Queen  
  28  2:57  Overlord  
  30  3:07  Drone x4  
  34  3:13  Spore Crawler  
  33  3:21  Spore Crawler  
  33  3:23  Drone x3  
  33  3:24  Drone  
  36  3:34  Overlord  
  36  3:35  Drone x2  
  36  3:36  Drone  
  39  3:50  Drone, Extractor  
  39  3:51  Drone x5  
  39  3:52  Extractor  
  43  3:59  Drone  
  44  4:07  Drone x2, Extractor  
  45  4:17  Drone x4  
  45  4:20  Lair  
  45  4:23  Spore Crawler  
  48  4:26  Queen  
  50  4:31  Overlord  
  49  4:49  Queen  
  50  4:56  Drone  
  50  4:57  Drone x6  
  50  4:58  Overlord x2  
  50  4:59  Overlord  
  57  5:15  Overlord  
  57  5:16  Queen, Overlord x2  
  59  5:34  Hydralisk Den  
  58  5:39  Drone  
  58  5:40  Drone x13  
Show
View Real Time Build Order
Export as new Build Order

wootwoot Protoss - Winner!

Build Orders: 1 Gate Expand 

Get SALT Encoding   

  12  0:00  Probe  
  13  0:12  Probe  
  14  0:20  Pylon  
  14  0:25  Probe  
  15  0:34  Probe  
  15  0:40  Gateway  
  15  0:42  Probe  
  16  0:48  Assimilator  
  17  0:52  Probe  
  18  1:04  Probe  
  19  1:16  Probe  
  20  1:26  Nexus  
  20  1:36  Cybernetics Core  
  20  1:41  Assimilator  
  20  1:43  Probe  
  21  1:51  Probe  
  21  1:52  Pylon  
  21  1:59  Probe  
  22  2:03  Adept  
  23  2:10  Probe  
  26  2:20  Stargate  
  26  2:24  Probe  
  26  2:29  Warp Gate  
  27  2:36  Probe  
  28  2:37  Probe  
  28  2:41  Shield Battery  
  29  2:45  Probe  
  29  2:48  Probe  
  31  2:54  Probe  
  32  3:00  Void Ray, Probe  
  37  3:08  Probe  
  38  3:14  Twilight Council  
  38  3:17  Probe  
  39  3:20  Probe  
  40  3:29  Probe  
  40  3:32  Probe, Pylon  
  42  3:35  Charge  
  46  3:46  Void Ray  
  46  3:50  Probe x2  
  48  4:00  Gateway  
  48  4:03  Pylon  
  48  4:07  Gateway  
  48  4:09  Gateway  
  48  4:12  Gateway  
  48  4:16  Gateway  
  48  4:24  Gateway  
  48  4:37  Pylon  
  48  4:38  Pylon  
  48  4:47  Zealot  
  50  4:53  Void Ray, Pylon  
  50  4:57  Zealot  
  56  5:02  Pylon  
  56  5:06  Zealot x2  
  60  5:09  Zealot x2  
  64  5:15  Zealot  
  64  5:21  Zealot x2  
  70  5:27  Zealot x2  
  74  5:30  Zealot  
  74  5:31  Zealot  
  78  5:38  Zealot  
  80  5:43  Zealot x2  
  84  5:54  Zealot  
  84  5:55  Zealot x2  
Tags
 
Add a new tag
Caveats
  • Supply blocks, unpowered buildings, or Contaminate may cause inaccurate times.
  • Supply counts are checked every 10 seconds.